 Dungeon Crawl Stone Soup version 0.16-a0-3987-g5719e88 (webtiles) character file.

352 DEFE the Covered (level 6, -1/57 HPs)
             Began as a Deep Dwarf Fighter on Feb 12, 2015.
             Slain by an ogre
             ... wielding a +0 giant club
              (18 damage)
             ... on level 3 of the Dungeon.
             The game lasted 00:05:46 (2717 turns).

DEFE the Covered (Deep Dwarf Fighter)               Turns: 2717, Time: 00:05:47

Health: -1/57      AC: 12    Str: 22    XL:     6   Next: 35%
Magic:  7/7        EV:  7    Int:  8    God:
Gold:   141        SH:  0    Dex: 12    Spells: 0 memorised, 5 levels left

rFire  . . .     SeeInvis .     a - +0 war axe
rCold  . . .     Clarity  .     k - +0 plate armour
rNeg   . . .     SustAb   .     (no shield)
rPois  .         Gourm    .     (no helmet)
rElec  .         Spirit   .     (no cloak)
rCorr  .         Warding  .     (no gloves)
rMut   .         Stasis   .     (no boots)
MR     .....                    (no amulet)
Stlth  ..........               (no ring)
                                (no ring)

@: very slightly contaminated, non-regenerating, not resistant to hostile
enchantments, extremely unstealthy
A: damage resistance, recharge devices, sense surroundings 1, slow healing 3
a: Device Recharging


You were on level 3 of the Dungeon.
You were not hungry.

You visited 1 branch of the dungeon, and saw 3 of its levels.

You collected 141 gold pieces.

Inventory:

Hand weapons
 a - a +0 war axe (weapon)
Armour
 b - a +0 scale mail
 k - a +0 plate armour (worn)
Magical devices
 d - a wand of heal wounds (1)
 m - a wand of flame (8)
Scrolls
 i - a scroll of amnesia {unknown}
 j - a scroll of remove curse {unknown}
 q - a scroll of enchant armour {unknown}
Potions
 c - a potion of haste
 e - a potion of might
 p - a potion of restore abilities {unknown}
Comestibles
 f - 2 bread rations
 l - a meat ration


   Skills:
 + Level 3.9 Fighting
 * Level 4.7 Axes
 + Level 5.2 Armour
 - Level 1.2 Dodging
   Level 3.2 Shields
 - Level 1.1 Evocations


You had 5 spell levels left.
You didn't know any spells.

Dungeon Overview and Level Annotations

Branches:
Dungeon (3/15)

Altars:


Innate Abilities, Weirdness & Mutations

You are resistant to damage.
You can recharge devices by infusing magical energy.
You passively map a small area around you.
You do not heal naturally.


Message History

You are too injured to fight recklessly!
You are too injured to fight recklessly!
Evoke which item? (* to show all) (? for menu, Esc to quit)
Zapping:
d - a wand of heal wounds (2)
Press: ? - help, Shift-Dir - straight line, f - you You feel much better.
This wand has 1 charge left.
The ogre barely misses you.
You closely miss the ogre.
The ogre is heavily wounded.
The ogre hits you but does no damage.
You barely miss the ogre.
The ogre is heavily wounded.
The ogre hits you with a giant club.
You hit the ogre but do no damage.
The ogre is heavily wounded.
The ogre hits you with a giant club!!
* * * LOW HITPOINT WARNING * * *
You hit the ogre.
The ogre is severely wounded.
The ogre hits you with a giant club!!
You die...

#.#....
,..#..
#.##.##
#####
#.# .
#.#*
#.# #.#
* #.#
#.# ,
#@# *
#O# #.#
#.#*
#.# #.#
* #.# *
* #..
###


You could see an ogre.

Vanquished Creatures
  A big kobold (D:3)
  2 orc priests (D:3)
  Terence (D:2)
  4 gnolls (D:2)
  7 adders
  A giant mite (D:2)
  A worm (D:2)
  An ooze (D:1)
  4 orcs (D:3)
  10 hobgoblins
  4 jackals (D:2)
  46 kobolds
  4 bats
  A giant cockroach (D:2)
  2 goblins
  A quokka (D:3)
  4 rats
94 creatures vanquished.

Notes
Turn   | Place    | Note
--------------------------------------------------------------
     0 | D:1      | DEFE, the Deep Dwarf Fighter, began the quest for the Orb.
     0 | D:1      | Reached XP level 1. HP: 20/20 MP: 1/1
   376 | D:1      | Reached XP level 2. HP: 22/27 MP: 2/2
   704 | D:2      | Reached skill level 4 in Armour
   704 | D:2      | Reached XP level 3. HP: 23/33 MP: 3/3
   888 | D:2      | Reached XP level 4. HP: 37/42 MP: 4/4
   900 | D:2      | Noticed Terence
   921 | D:2      | Killed Terence
  1434 | D:2      | Reached skill level 1 in Dodging
  1434 | D:2      | Reached XP level 5. HP: 40/49 MP: 5/5
  1703 | D:3      | Reached skill level 1 in Evocations
  1924 | D:3      | Reached skill level 5 in Armour
  2453 | D:3      | Reached XP level 6. HP: 44/57 MP: 7/7
  2695 | D:3      | Noticed an ogre
  2717 | D:3      | Slain by an ogre

Action                   |  1- 3 |  4- 6 || total
-------------------------+-------+-------++-------
Melee: War axe           |    76 |   277 ||   353
Evoke: Wand              |     1 |     7 ||     8
  Use: Scroll            |       |     2 ||     2
       Potion            |       |     2 ||     2
 Stab: Invisible         |       |     2 ||     2
  Eat: Chunk             |       |     4 ||     4
       Meat ration       |       |     1 ||     1
